 Dungeon Crawl Stone Soup version 0.29.1-1-gd02db6906a (webtiles) character file.

Game seed: 15923884097076678780

72 virigoth the Chopper (level 4, -2/41 HPs)
             Began as a Minotaur Berserker on Sept 19, 2022.
             Was a Follower of Trog.
             Killed from afar by Natasha (3 damage)
             ... with a magic dart
             ... on level 2 of the Dungeon.
             The game lasted 00:02:31 (1188 turns).

virigoth the Chopper (Minotaur Berserker)           Turns: 1188, Time: 00:02:32

Health: -2/41      AC:  7    Str: 23    XL:     4   Next: 7%
Magic:  3/3        EV: 10    Int:  4    God:    Trog [*.....]
Gold:   161        SH:  0    Dex: 10    Spells: 3/3 levels left

rFire   . . .      SeeInvis .   a - +0 hand axe
rCold   . . .      Faith    .   (no shield)
rNeg    . . .      Spirit   .   d - +1 scale mail
rPois   .          Reflect  .   (helmet restricted)
rElec   .          Harm     .   (no cloak)
rCorr   .          Rampage  .   (no gloves)
Will    .....                   (no boots)
Stlth   ..........              (no amulet)
HPRegen 0.13/turn               (no ring)
MPRegen 0.08/turn               (no ring)

@: slowed, very slow
A: horns 2, retaliatory headbutt
a: Renounce Religion, Berserk


You were on level 2 of the Dungeon.
You worshipped Trog.
Trog was aware of your devotion.
You visited 1 branch of the dungeon, and saw 2 of its levels.

You collected 161 gold pieces.

Inventory:

Hand Weapons
 a - a +0 hand axe (weapon)
Missiles
 f - 16 stones (quivered)
Armour
 d - a +1 scale mail (worn)
 e - a +0 chain mail
Potions
 b - 3 potions of curing {unknown}
 c - 3 potions of heal wounds {unknown}
 g - a potion of might {unknown}
 h - a potion of flight {unknown}


   Skills:
 + Level 4.3 Fighting
 + Level 4.3 Axes
 + Level 3.3 Armour
 + Level 3.0 Dodging


You had 3 spell levels left.
You didn't know any spells.
Your spell library was empty.

Dungeon Overview and Level Annotations

Branches:
Dungeon (2/15)

Altars:

Annotations:
D:2 Natasha


Innate Abilities, Weirdness & Mutations

You have a pair of horns on your head.
You reflexively headbutt those who attack you in melee.


Message History

Found a silvery potion and a lumpy yellow potion.
You see here a +0 ring mail.
b - 3 silvery potions (gained 1)
Found 5 gold pieces.
h - a lumpy yellow potion Natasha, Servant of Life and Death comes into view.
Natasha hisses angrily.
Natasha casts a spell at you.
You feel yourself slow down.
A bat comes into view.
Natasha casts a spell at you. The magic dart hits you.
You are too injured to fight recklessly!
You are too injured to fight recklessly!
Unknown command.
You completely miss the bat. Your headbutt misses the bat.
The bat hits you but does no damage. The bat barely misses you.
You barely miss Natasha. Your headbutt misses Natasha. You barely miss the bat.
The bat misses you.
Natasha stares at you and mumbles some strange words.
The magic dart hits you. Natasha claws you but does no damage.
You closely miss Natasha. You hit the bat.
You kill the bat!
Trog accepts your kill. Natasha misses you. You furiously retaliate!
You headbutt Natasha. Natasha casts a spell at you. The magic dart hits you!
* * * LOW HITPOINT WARNING * * *
You fail to use your ability.
Natasha stares at you and mumbles some strange words.
The magic dart hits you.
* * * LOW HITPOINT WARNING * * *
You hit Natasha. Your headbutt misses Natasha.
Natasha is heavily wounded.
Natasha stares at you and mumbles some strange words.
You feel as though you will be slow longer.
Natasha extends her claws.
Natasha stares at you and mumbles some strange words.
The magic dart hits you.
You die...

.. .# .. .. .##. #..#$..
##.....# #.## ..#.#.# ....
#.....#.....### .
######.h...#..# ...#. #
#......@†.....# #... .#
..###.......#####.#### .
#.......# ##.....###
##......####.......##
#.......###[........†
#...............<....
######........##..........
.............[..........P.
######.#.....###........P.


You could see Natasha.

Vanquished Creatures
  Natasha (twice) (D:2)
  A dart slug (D:1)
  5 ball pythons
  A bat (D:2)
  2 endoplasms (D:1)
  A goblin (D:1)
  4 hobgoblins
  A jackal (D:1)
  A frilled lizard (D:2)
  2 kobolds (D:1)
  2 rats (D:1)
  A toadstool (D:2)
23 creatures vanquished.

Vanquished Creatures (others)
  4 fungi (D:2)
  2 plants (D:1)
  5 toadstools (D:2)
11 creatures vanquished.

Grand Total: 34 creatures vanquished

Notes
Turn   | Place    | Note
-------+----------+-------------------------------------------
     0 | D:1      | virigoth the Minotaur Berserker began the quest for the
                  | Orb.
     0 | D:1      | Reached XP level 1. HP: 19/19 MP: 0/0
   176 | D:1      | Reached XP level 2. HP: 25/27 MP: 1/1
   396 | D:1      | Found a faded altar of an unknown god.
   854 | D:2      | Noticed Natasha
   861 | D:2      | Noticed a crimson imp
   866 | D:2      | HP: 2/40 [Natasha (3)]
   867 | D:2      | Killed Natasha
   868 | D:2      | Reached XP level 3. HP: 2/33 MP: 2/2
  1032 | D:2      | Noticed Natasha
  1044 | D:2      | Killed Natasha
  1045 | D:2      | Reached XP level 4. HP: 5/40 MP: 3/3
  1181 | D:2      | Noticed Natasha
  1187 | D:2      | HP: 1/41 [Natasha/magic dart (6)]
  1188 | D:2      | Killed from afar by Natasha

Illustrated notes

Levels and vault maps discovered:
D:1:      dpeg_arrival_chambers_temple_mockup, layout_basic,
          shapermc_ecumenical_altar_mp_ritualfount, minmay_pentomino_v4
D:2:      layout_rooms, basic_altar, minmay_misc_feat_columns,
          minmay_gold_behind_fungi, uniq_natasha

Skill      XL: |  1  2  3 |
---------------+----------+-----
Axes           | 4 |  4.3
Fighting       | 4 |  4.3
Armour         | 3 |  3.3
Dodging        | 3 |  3.0

Action                   |  1- 3 |  4- 6 || total
-------------------------+-------+-------++-------
Melee: Hand axe          |    58 |     4 ||    62
       Headbutt          |     7 |       ||     7
Throw: Stone             |     1 |       ||     1
Invok: Berserk           |     2 |       ||     2
  Use: Scroll            |     2 |       ||     2
Armor: Scale mail        |    19 |     2 ||    21
Dodge: Dodged            |    24 |     3 ||    27
